 Dungeon Crawl Stone Soup version 0.25.1-2-g60ff931df9 (webtiles) character file.

Game seed: 1976618214411010280

5180 gruber the Blocker (level 10, -5/117 HPs)
             Began as a Minotaur Fighter on Dec 2, 2020.
             Was a High Priest of Okawaru.
             Slain by a manticore (6 damage)
             ... on level 9 of the Dungeon.
             The game lasted 00:08:30 (9346 turns).

gruber the Blocker (Minotaur Fighter)               Turns: 9346, Time: 00:08:31

Health: -5/117     AC: 17    Str: 24    XL:     10   Next: 34%
Magic:  3/9        EV:  7    Int:  5    God:    Okawaru [*****.]
Gold:   268        SH: 13    Dex: 10    Spells: 9/9 levels left

rFire    . . .     SeeInvis .   K - +6 flail
rCold    + . .     Gourm    .   c - +0 kite shield
rNeg     . . .     Faith    .   i - +0 plate armour
rPois    .         Spirit   .   A - +0 hat
rElec    .         Reflect  .   (no cloak)
rCorr    +         Harm     .   B - +0 pair of gloves
MR       .....                  (no boots)
Stlth    ..........             (no amulet)
HPRegen  0.29/turn              o - ring of resist corrosion
MPRegen  0.11/turn              F - ring of protection from cold

@: berserking (expiring), barbed spikes, very quick
A: retaliatory headbutt, horns 2
a: Heroism, Finesse, Renounce Religion


You were on level 9 of the Dungeon.
You worshipped Okawaru.
Okawaru was extremely pleased with you.
You were not hungry.

You visited 1 branch of the dungeon, and saw 9 of its levels.

You collected 442 gold pieces.
You spent 174 gold pieces at shops.

Inventory:

Hand Weapons
 G - a +1 whip of venom
 K - a +6 flail (weapon)
Armour
 c - a +0 kite shield (worn)
 i - a +0 plate armour (worn)
 A - a +0 hat (worn)
 B - a +0 pair of gloves (worn)
Jewellery
 o - a ring of resist corrosion (left hand)
 y - an uncursed ring of magical power
 F - a ring of protection from cold (right hand)
Wands
 l - a wand of iceblast (17)
 H - a wand of flame (23)
 J - a wand of digging (3)
Scrolls
 a - a scroll of random uselessness {unknown}
 b - a scroll of immolation {unknown}
 g - a scroll of brand weapon {unknown}
 h - a scroll of noise {unknown}
 k - 6 scrolls of remove curse {unknown}
 m - 2 scrolls of magic mapping {unknown}
 p - a scroll of fear {unknown}
 q - 5 scrolls of fog {unknown}
 s - 2 scrolls of teleportation
 t - 4 scrolls of enchant weapon
 x - 3 scrolls of enchant armour
 C - 2 scrolls of amnesia {unknown}
Potions
 d - a potion of might
 e - 3 potions of stabbing
 j - 3 potions of lignification
 n - 3 potions of flight
 r - a potion of curing
 u - a potion of resistance
 v - a potion of invisibility
 z - 2 potions of heal wounds
 E - 2 potions of mutation {unknown}
 I - a potion of brilliance {unknown}
Comestibles
 f - 17 rations
 w - 2 chunks of flesh


   Skills:
 - Level 4.0 Fighting
 - Level 8.1 Maces & Flails
 * Level 12.0 Armour
 - Level 0.2 Dodging
 - Level 12.0 Shields


You had 9 spell levels left.
You didn't know any spells.
Your spell library was empty.

Dungeon Overview and Level Annotations

Branches:
Dungeon (9/15)             Temple (0/1) D:4
   Lair: D:8-11         Orc: D:9-12

Altars:
Ashenzari
Dithmenos
Elyvilon
Makhleb
Okawaru
Ru
Sif Muna
Trog
Uskayaw
Vehumet
Xom
Yredelemnul
The Shining One

Shops:
D:6 ?   D:7 *

Annotations:
D:7 1 runed translucent door, TotesWizzard's ghost, novice CeHu


Innate Abilities, Weirdness & Mutations

You reflexively headbutt those who attack you in melee.
You have a pair of horns on your head.


Message History

Unknown command.
You swing at nothing.
The shadow imp disappears for a moment.
A water moccasin simulacrum comes into view.
You thump the shadow imp!
The shadow imp is almost dead.
Your plate armour prevents you from hitting the shadow imp.
The shadow imp is almost dead.
The shadow imp hits you but does no damage.
You hit the shadow imp.
You kill the shadow imp!
Okawaru accepts your kill.
The phantom blinks!
The centaur shoots an arrow.
The arrow barely misses you.
You swing at nothing.
You barely miss the manticore. Your headbutt misses the manticore.
The manticore is severely wounded.
The manticore bites you!
* * * LOW HITPOINT WARNING * * *
You block the manticore's attack. The manticore claws you.
You die...

....###................
<§≈§≈≈.....<.......
..≈###§............# ....
+....#......###..# . ...
#≈§..###...####..# . ..
≈≈§.####.W....#..#
#....§.§.###....##....#
#........##......#....#
##.............#@##(...#
##.............#H##..%.####
##........(....§c(.........
.................G....####
...................Z..#
.....................°#
.....#................#H
....###..<..............?.
.#.####...............#.○.


You could see a manticore, an eye of draining, a phantom, a centaur and a water
moccasin simulacrum.

Vanquished Creatures
  A two-headed ogre (D:8)
  An efreet (D:9)
  A komodo dragon (D:9)
  2 hippogriffs
  3 yaks (D:8)
  A hungry ghost (D:9)
  A vampire mosquito (D:9)
  Duvessa (D:4)
  3 water moccasins
  3 black bears
  A sky beast (D:7)
  An orc warrior (D:9)
  A necrophage (D:8)
  3 ogres
  A phantom (D:7)
  3 centaurs
  A big kobold (D:7)
  3 bullfrogs
  Dowan (D:4)
  2 scorpions (D:6)
  2 howler monkeys
  A crimson imp (D:8)
  3 jellies
  A quasit (D:6)
  2 orc priests
  A hound (D:3)
  3 bullfrog skeletons
  A centaur skeleton (D:9)
  An iguana (D:6)
  2 orc wizards
  5 worker ants
  A hound zombie (D:7)
  A worker ant zombie (D:8)
  A howler monkey skeleton (D:6)
  14 gnolls
  11 adders
  5 shadow imps
  2 oozes
  3 adder zombies
  2 adder skeletons
  3 worms
  A dart slug (D:3)
  8 leopard geckos
  13 orcs
  A ball python (D:5)
  5 giant cockroaches
  10 goblins
  8 hobgoblins
  21 jackals
  3 quokkas
  5 bats
  2 frilled lizards
  15 kobolds
  A leopard gecko skeleton (D:6)
  A quokka zombie (D:6)
  3 rats
196 creatures vanquished.

Vanquished Creatures (others)
  An unseen horror (D:9)
1 creature vanquished.

Grand Total: 197 creatures vanquished

Notes
Turn   | Place    | Note
-------+----------+-------------------------------------------
     0 | D:1      | gruber the Minotaur Fighter began the quest for the Orb.
     0 | D:1      | Reached XP level 1. HP: 19/19 MP: 0/0
    93 | D:1      | Reached XP level 2. HP: 21/27 MP: 1/1
  1169 | D:2      | Reached XP level 3. HP: 33/33 MP: 2/2
  1171 | D:2      | Found a shattered altar of Ashenzari.
  1712 | D:2      | Found a burning altar of Makhleb.
  1977 | D:1      | Reached skill level 5 in Armour
  2076 | D:2      | Reached XP level 4. HP: 31/40 MP: 3/3
  2540 | D:3      | Reached XP level 5. HP: 33/46 MP: 4/4
  3045 | D:3      | Found an iron altar of Okawaru.
  3297 | D:3      | Became a worshipper of Warmaster Okawaru
  3524 | D:4      | Found a shadowy altar of Dithmenos.
  3524 | D:4      | Found a faded altar of an unknown god.
  3529 | D:4      | Found a glowing golden altar of the Shining One.
  3531 | D:4      | Found a faded altar of an unknown god.
  3533 | D:4      | Found a basalt altar of Yredelemnul.
  3595 | D:4      | Found a staircase to the Ecumenical Temple.
  3873 | D:4      | Noticed Duvessa
  3873 | D:4      | Noticed Dowan
  3897 | D:4      | Killed Duvessa
  3897 | D:4      | Reached XP level 6. HP: 40/52 MP: 5/5
  3910 | D:4      | Killed Dowan
  4234 | D:4      | Reached skill level 5 in Maces & Flails
  4320 | D:5      | Entered Level 5 of the Dungeon
  4322 | D:5      | Found a shimmering blue altar of Sif Muna.
  4548 | D:5      | Reached XP level 7. HP: 56/59 MP: 6/6
  5006 | D:5      | Found a shimmering altar of Xom.
  5336 | D:6      | Reached * piety under Okawaru
  5379 | D:6      | Reached XP level 8. HP: 31/66 MP: 7/7
  5601 | D:5      | HP: 3/66 [poisoned by a water moccasin]
  5608 | D:5      | HP: 3/66 [poisoned by a water moccasin]
  5616 | D:5      | HP: 2/66 [poisoned by a water moccasin]
  5943 | D:6      | Found Layrix's Magic Scroll Shop.
  6069 | D:6      | Bought a scroll of identify for 24 gold pieces
  6069 | D:6      | Bought a scroll of teleportation for 36 gold pieces
  6069 | D:6      | Bought a scroll of enchant weapon for 90 gold pieces
  6069 | D:6      | Bought a scroll of identify for 24 gold pieces
  6160 | D:6      | Found a white marble altar of Elyvilon.
  6220 | D:6      | Found a sacrificial altar of Ru.
  6228 | D:6      | Reached skill level 10 in Armour
  6279 | D:6      | Found a radiant altar of Vehumet.
  6645 | D:7      | Reached skill level 5 in Shields
  6650 | D:7      | Reached ** piety under Okawaru
  6754 | D:7      | Found a runed translucent door.
  6763 | D:7      | Noticed TotesWizzard's ghost (novice CeHu)
  7237 | D:7      | Reached XP level 9. HP: 71/71 MP: 8/8
  7420 | D:7      | Found Hitoch's Assorted Antiques.
  7517 | D:7      | Found a hide-covered altar of Uskayaw.
  7827 | D:7      | Reached *** piety under Okawaru
  8238 | D:8      | Reached skill level 10 in Shields
  8370 | D:8      | Found a bloodstained altar of Trog.
  8485 | D:8      | Noticed a two-headed ogre
  8497 | D:8      | Killed a two-headed ogre
  8497 | D:8      | Reached **** piety under Okawaru
  8661 | D:8      | Reached XP level 10. HP: 53/78 MP: 9/9
  9314 | D:9      | Noticed a manticore
  9336 | D:9      | Killed an unseen horror
  9339 | D:9      | Reached ***** piety under Okawaru
  9346 | D:9      | HP: 1/117 [manticore (11)]
  9346 | D:9      | Slain by a manticore

Illustrated notes

Levels and vault maps discovered:
D:1:      matt_arrival_grand_opening, layout_basic
D:2:      layout_basic, lemuel_coloured_pillars_altar, minmay_misc_feat_pillars,
          nicolae_ashenzari_panopticon
D:3:      layout_basic, lemuel_round_altar
D:4:      layout_basic, chequers_temple_overflow_minitemple, temple_fountains,
          first_ration, uniq_duvessa
D:5:      layout_basic, nicolae_overflow_hidden_temple, basic_altar,
          kennysheep_decorative_pillar, minmay_misc_feat_doors
D:6:      layout_cave_pools, kennysheep_little_box, elyvilon_altar_5,
          lemuel_doored_altar, serial_shops, nicolae_shop_statue_plus
D:7:      minmay_octagon_keep, layout_loops_ring, overflow_temple_1_default,
          serial_shops, nicolae_shop_overgrown_old_shop,
          hellmonk_ghost_happy_afterlife, st_stairs_9, grunt_ministairs_2
D:8:      layout_loops_ring, trog_ov_bears_minmay
D:9:      layout_cave_pools, marbit_many_paths, kennysheep_mini_moat,
          minivault_28

Skill      XL: |  1  2  3  4  5  6  7  8  9 10 |
---------------+-------------------------------+-----
Shields        | 4 7 12 | 12.0
Armour         | 4 5 6 7 8 10 12 | 12.0
Fighting       | 4 |  4.0
Maces & Flails | 4 5 8 |  8.1
Dodging        | |  0.2

Action                   |  1- 3 |  4- 6 |  7- 9 | 10-12 || total
-------------------------+-------+-------+-------+-------++-------
Melee: Flail             |   120 |   107 |       |    43 ||   270
       Headbutt          |     9 |    30 |    88 |    11 ||   138
       Morningstar       |       |    85 |   308 |       ||   393
       Whip              |       |       |   128 |    52 ||   180
  Use: Scroll            |       |       |     9 |       ||     9
       Potion            |       |       |       |     1 ||     1
  Eat: Chunk             |     4 |     8 |    10 |     5 ||    27
       Ration            |       |       |     1 |       ||     1
Armor: Scale mail        |    19 |       |       |       ||    19
       Plate armour      |    58 |   125 |   376 |    39 ||   598
Dodge: Dodged            |    30 |    30 |   115 |    14 ||   189
Block: Kite shield       |    85 |   130 |   319 |    55 ||   589
